 Dungeon Crawl Stone Soup version 0.30-a0-578-gdee14c521f (webtiles) character file.

Game seed: 564868601000920834

31166 sanka the Nimble (level 12, -1/113 HPs)
             Began as a Demigod Earth Elementalist on Dec 31, 2022.
             Slain by a polar bear (3 damage)
             ... while petrified by a basilisk
             ... on level 5 of the Lair of Beasts.
             The game lasted 00:40:11 (21414 turns).

sanka the Nimble (Demigod Earth Elementalist)      Turns: 21414, Time: 00:40:11

Health: -1/113     AC: 10    Str: 13    XL:     12   Next: 96%
Magic:  20/21      EV:  2    Int: 41    God:
Gold:   911        SH:  0    Dex: 14    Spells: 9/19 levels left

rFire   + + .      SeeInvis .    a - +4 scimitar (flame)
rCold   . . .      Faith    .    (no shield)
rNeg    + + +      Spirit   .    s - +2 leather armour {rF+}
rPois   ∞          Reflect  +    l - +0 helmet
rElec   .          Harm     .    (no cloak)
rCorr   .          Rampage  .    y - +2 pair of gloves
Will    +....                    Q - +0 pair of boots
Stlth   ++                       p - amulet of reflection
HPRegen 0.38/turn                z - +6 ring of intelligence
MPRegen 0.17/turn                k - ring of Quat {rF+ Str+4 Int+2}

@: petrified
A: high MP 1, forlorn, divine attributes
a: no special abilities


You were on level 5 of the Lair of Beasts.
You visited 2 branches of the dungeon, and saw 17 of its levels.
You also visited: Bailey and Gauntlet.

You collected 911 gold pieces.


Innate Abilities, Weirdness & Mutations

You have an increased reservoir of magic. (+10% MP)
You shall have no god before yourself.
Your divine heritage dramatically boosts your attributes as you level up.


   Skills:
 + Level 12.5 Fighting
 + Level 12.6 Dodging
 - Level 1.7 Stealth
 - Level 4.0 Spellcasting
 - Level 5.0 Conjurations
 - Level 4.0 Transmutations
 - Level 8.0 Earth Magic
 - Level 4.0 Evocations


You had 9 spell levels left.
You knew the following spells:

 Your Spells              Type           Power      Damage    Failure   Level
c - Petrify               Tmut/Erth      55%        N/A       3%          4
x - Stone Arrow           Conj/Erth      100%       3d13      1%          3
z - Sandblast             Erth           100%       2d20      1%          1
N - Passwall              Tmut/Erth      45%        N/A       1%          2

Your spell library contained the following spells:

 Spells                   Type           Power      Damage    Failure   Level
 Sting                    Tmut/Pois      96%        1d7       1%          1
 Static Discharge         Conj/Air       56%        2-5/arc   1%          2
 Wereblood                Tmut           41%        N/A       1%          2
 Slow                     Hex            32%        N/A       3%          1
 Summon Small Mammal      Summ           32%        N/A       3%          1
 Cigotuvi's Dreadful Rot  Necr/Pois/Air  16%        N/A       6%          2
 Poisonous Vapours        Pois/Air       16%        N/A       6%          2
 Sublimation of Blood     Necr           8%         N/A       6%          2
 Animate Armour           Summ/Erth      82%        N/A       8%          4
 Call Canine Familiar     Summ           8%         N/A       12%         3
 Confusing Touch          Hex            8%         N/A       12%         3
 Lesser Beckoning         Tloc           16%        N/A       12%         3
 Ozocubu's Armour         Ice            8%         N/A       12%         3
 Summon Guardian Golem    Hex/Summ       8%         N/A       12%         3
 Vampiric Draining        Necr           8%         2d6       12%         3
 Vhi's Electric Charge    Tloc/Air       16%        N/A       12%         3
 Airstrike                Air            4%         2d(1-17)  36%         4
 Olgreb's Toxic Radiance  Pois           8%         N/A       36%         4
 Summon Lightning Spire   Summ/Air       8%         N/A       36%         4
 Arcjolt                  Conj/Air       14%        1d24      36%         5
 Lightning Bolt           Conj/Air       14%        1d27      36%         5
 Metabolic Englaciation   Hex/Ice        4%         N/A       71%         5
 Summon Forest            Summ/Tloc      4%         N/A       71%         5
 Simulacrum               Ice/Necr       4%         N/A       99%         6
 Ozocubu's Refrigeration  Ice            4%         4d8       100%        7
 Summon Hydra             Summ           4%         N/A       100%        7

Inventory:

Hand Weapons
 a - a +4 scimitar of flaming (weapon)
 w - the +8 mace of Wuosat {protect, rCorr Dex+4}

   It grants its wielder temporary protection when it strikes (+7 to AC).
   Dex:       It affects your dexterity (+4).
   rCorr:     It protects you from acid and corrosion.
 x - the +7 trident "Awuuw" {heavy, *Corrode rPois rN+ Will+}

   It deals dramatically more damage, but attacks with it are much slower.
   rPois:     It protects you from poison.
   rN:        It protects you from negative energy.
   *Corrode:  It may corrode you when you take damage.
   Will:      It increases your willpower.
Missiles
 E - a curare-tipped dart {=f}
Armour
 l - a +0 helmet (worn)
 s - a +2 leather armour of fire resistance (worn)
 y - a +2 pair of gloves (worn)
 Q - a +0 pair of boots (worn)
 R - the +3 hat of Pondering {ponderous, Will+ MP+10 Int+5}

   Int:       It affects your intelligence (+5).
   MP:        It affects your magic capacity (+10).
   Will:      It increases your willpower.
Magical Staves
 F - a staff of air
Jewellery
 h - a ring of flight
 k - the ring of Quat (right hand) {rF+ Str+4 Int+2}

   [ring of protection from fire]

   Str:       It affects your strength (+4).
   Int:       It affects your intelligence (+2).
   rF:        It protects you from fire.
 p - an amulet of reflection (around neck)
 u - a ring of willpower
 z - a +6 ring of intelligence (left hand)
 B - a ring of ice
 L - the ring of the City {rN+ SInv}

   [ring of see invisible]

   rN:        It protects you from negative energy.
   SInv:      It lets you see invisible.
Wands
 q - a wand of roots (23)
 t - a wand of mindburst (30)
 C - a wand of light (9)
 D - a wand of flame (30)
 J - a wand of polymorph (17)
 W - a wand of charming (1)
Scrolls
 d - 3 scrolls of torment {!r}
 e - a scroll of summoning
 f - 2 scrolls of fear
 i - 6 scrolls of teleportation {@r4}
 j - 2 scrolls of magic mapping
 n - 4 scrolls of immolation {!r}
 o - a scroll of noise {!r}
 r - 2 scrolls of enchant armour
 v - 6 scrolls of amnesia
 K - 3 scrolls of vulnerability {!r}
 P - 2 scrolls of blinking
 S - a scroll of fog
 X - 3 scrolls of brand weapon
 Y - 2 scrolls of enchant weapon
Potions
 b - a potion of magic
 g - 7 potions of curing {@q1}
 m - a potion of resistance
 A - 5 potions of heal wounds {@q2}
 G - 5 potions of flight
 H - 3 potions of degeneration {unknown}
 I - 4 potions of cancellation
 M - 2 potions of might {unknown}
 N - a potion of lignification {unknown}
 O - 3 potions of haste {unknown}
 T - a potion of mutation {unknown}
 U - 4 potions of berserk rage {unknown}
 V - a potion of brilliance {unknown}

Dungeon Overview and Level Annotations

Branches:
Dungeon (12/15)            Temple (0/1) D:7            Lair (5/5) D:8
  Swamp (0/4) Lair:2       Spider (0/4) Lair:2        Slime (0/5) Lair:5
    Orc (0/2) D:11         Bailey (visited)         Gauntlet (visited)

Shops:
D:4 :

Portals:
Abyss: D:6

Annotations:
D:5 2 transporters, HoaS's ghost, novice TeHu
D:6 2 transporters, Sapher's ghost, amateur DEEE

▒...... ▒.....▒
. .....+ ..
....▒ ... ....
... ▒▒▒ ..▒ ..
▒
P.▒...▒.▒l▒....
.......pSh.<...
.......lh......
...!...........
▒......▒▒▒.....
▒▒▒▒▒▒▒ ....▒
..▒▒ .▒ ..


You could see 2 polar bears, a komodo dragon, a basilisk and a water moccasin.


Message History

The polar bear claws you but does no damage.
The polar bear claws you but does no damage.
The basilisk bites you!
* * * LOW HITPOINT WARNING * * *
The water moccasin bites you.
* * * LOW HITPOINT WARNING * * *
The polar bear bites you!!
* * * LOW HITPOINT WARNING * * *
The polar bear claws you.
* * * LOW HITPOINT WARNING * * *
The polar bear claws you.
The water moccasin bites you but does no damage.
The polar bear barely misses you.
The polar bear claws you but does no damage.
The polar bear claws you.
* * * LOW HITPOINT WARNING * * *
The basilisk bites you.
* * * LOW HITPOINT WARNING * * *
The polar bear bites you!
* * * LOW HITPOINT WARNING * * *
The polar bear claws you.
* * * LOW HITPOINT WARNING * * *
The polar bear claws you but does no damage.
The water moccasin bites you but does no damage.
The basilisk bites you but does no damage.
The polar bear bites you!
* * * LOW HITPOINT WARNING * * *
The polar bear claws you but does no damage.
The polar bear claws you.
You die...

Action                   |  1- 3 |  4- 6 |  7- 9 | 10-12 || total
-------------------------+-------+-------+-------+-------++-------
Melee: Unarmed           |     1 |       |       |       ||     1
       Quarterstaff      |     1 |       |       |       ||     1
       Trident           |       |     4 |       |       ||     4
       Scimitar          |       |       |    29 |    87 ||   116
       Punch             |       |       |       |     1 ||     1
 Cast: Sandblast         |    64 |    84 |   149 |   310 ||   607
       Stone Arrow       |       |       |    36 |   145 ||   181
Evoke: Wand              |       |     1 |       |    11 ||    12
  Use: Scroll            |       |     7 |     4 |     8 ||    19
       Potion            |       |       |       |     1 ||     1
Armor: Robe              |     4 |     2 |       |       ||     6
       Leather armour    |       |     9 |    22 |   155 ||   186
       Skin              |       |       |     1 |       ||     1
Dodge: Dodged            |    20 |    27 |    57 |   338 ||   442
Block: Other             |       |    14 |    15 |   107 ||   136
       Reflection        |       |     1 |     2 |     1 ||     4

Levels and vault maps discovered:
D:1:      lightli_arrival_maybe_door_vault, layout_basic
D:2:      layout_rooms
D:3:      layout_basic, marbit_many_paths, lemuel_tele_altar,
          mainiacjoe_overflow_six_doors_small,
          hellmonk_ecumenical_altar_watching_god, uniq_ijyb, uniq_natasha,
          uniq_terence
D:4:      layout_basic, mainiacjoe_overflow_tiny_flanked,
          nicolae_shop_vocational
D:5:      layout_basic, mainiacjoe_overflow_24_doors,
          gammafunk_ghost_stat_death, grunt_ministairs_15
D:6:      layout_loops_ring, gammafunk_ghost_abyssal_escape, uniq_menkaure,
          uniq_duvessa, uniq_maggie
D:7:      layout_basic, nicolae_gozag_seed_capital, minmay_temple_entry_slanted,
          enter_bailey_2
D:8:      layout_basic, grunt_qazlal_clouds, erik_lair_orcish_takeover,
          uniq_grum, uniq_pikel
D:9:      layout_basic, mainiacjoe_overflow_swirl,
          gammafunk_temple_overflow_pools, uniq_erica, uniq_joseph
D:10:     layout_irregular_city, overflow_temple_1_default
D:11:     layout_gridville, erik_orc_3, nzn_life_drinkers, uniq_amaemon
D:12:     layout_long_grid, serial_bayou_pond_d, uniq_josephine
Lair:1:   layout_roguey, grunt_megastairs_3, lemuel_fruit_fields,
          infiniplex_staircase_pool
Lair:2:   dreamdust_cave_troll, layout_chaotic_city, palyth_hydra_swamp_entry,
          dummy_spider_entry, eino_small_chamber_without_monster,
          infiniplex_staircase_pool_2, serial_bayou_shore_b, uniq_gastronok
Lair:3:   layout_regular_city, uniq_nergalle
Lair:4:   layout_small_grid, gauntlet_entry_generic, grunt_megastairs_1
Lair:5:   wormcave, layout_regular_city, guppyfry_lair_end_dragon,
          slime_entry_1, st_stairs_7, serial_bayou_shore_a, lemuel_fruit_fields,
          uniq_rupert, uniq_urug

Notes
Turn   | Place    | Note
-------+----------+-------------------------------------------
     0 | D:1      | sanka the Demigod Earth Elementalist began the quest for
                  | the Orb.
     0 | D:1      | Reached XP level 1. HP: 14/14 MP: 5/5
   128 | D:1      | Reached skill level 2 in Spellcasting
   194 | D:1      | Reached skill level 3 in Earth Magic
   324 | D:1      | Reached XP level 2. HP: 20/20 MP: 4/7
  1302 | D:2      | Reached XP level 3. HP: 26/26 MP: 5/8
  1468 | D:2      | Reached skill level 4 in Earth Magic
  1944 | D:3      | Noticed Natasha
  1951 | D:3      | Killed Natasha
  1952 | D:3      | Reached XP level 4. HP: 33/33 MP: 4/9
  2038 | D:3      | Learned a level 2 spell: Passwall
  2042 | D:3      | Learned a level 3 spell: Stone Arrow
  2132 | D:3      | Noticed a gnoll sergeant
  2308 | D:3      | Noticed a golden eye
  2313 | D:3      | Noticed a shining eye
  2313 | D:3      | Noticed a great orb of eyes
  2313 | D:3      | Noticed a shining eye
  2316 | D:3      | Noticed Terence
  2325 | D:3      | Killed Terence
  2326 | D:3      | Reached skill level 1 in Conjurations
  2326 | D:3      | Reached skill level 5 in Earth Magic
  2500 | D:3      | Reached XP level 5. HP: 38/38 MP: 8/10
  2510 | D:3      | Reached skill level 2 in Conjurations
  2534 | D:3      | Noticed Natasha
  2543 | D:3      | Killed Natasha
  2603 | D:3      | Noticed Ijyb
  2611 | D:3      | Killed Ijyb
  3514 | D:4      | Found Gompurur's Vocational Training.
  3728 | D:4      | Reached XP level 6. HP: 45/45 MP: 9/11
  3984 | D:5      | Entered Level 5 of the Dungeon
  4042 | D:5      | Reached skill level 3 in Conjurations
  4147 | D:5      | Reached skill level 6 in Earth Magic
  4170 | D:5      | Identified the +7 trident "Awuuw" {heavy, *Corrode rPois
                  | rN+ Will+}
  4218 | D:5      | Reached skill level 1 in Transmutations
  4295 | D:5      | Found a transporter.
  4324 | D:5      | Reached XP level 7. HP: 32/50 MP: 8/13
  4468 | D:5      | Noticed HoaS's ghost (novice TeHu)
  4522 | D:5      | Found a transporter.
  4577 | D:5      | Reached skill level 4 in Conjurations
  4910 | D:5      | Identified the -2 buckler of the Lies {Harm Regen+ Str+4}
  5152 | D:6      | Noticed Menkaure
  5158 | D:6      | Killed Menkaure
  5159 | D:6      | Reached skill level 7 in Earth Magic
  5205 | D:6      | HP: 5/50 [gnoll sergeant/+0 spear (6)]
  5207 | D:6      | Reached skill level 5 in Conjurations
  5547 | D:6      | Found a transporter.
  5562 | D:6      | Found a transporter.
  5574 | D:6      | Noticed Sapher's ghost (amateur DEEE)
  5638 | D:6      | Reached skill level 3 in Spellcasting
  5638 | D:6      | Reached XP level 8. HP: 57/57 MP: 12/15
  5757 | D:6      | Noticed Duvessa
  5763 | D:6      | Killed Duvessa
  5763 | D:6      | Noticed Dowan
  5767 | D:6      | Killed Dowan
  5816 | D:6      | Identified +0 acid dragon scales
  5816 | D:6      | Noticed Maggie
  5823 | D:6      | Killed Maggie
  5824 | D:6      | Reached skill level 4 in Spellcasting
  5824 | D:6      | Reached skill level 8 in Earth Magic
  5824 | D:6      | Reached skill level 1 in Fighting
  5824 | D:6      | Reached skill level 2 in Dodging
  5829 | D:6      | Learned a level 4 spell: Petrify
  6073 | D:6      | Reached skill level 2 in Fighting
  6074 | D:6      | Reached skill level 3 in Dodging
  6249 | D:6      | Found a one-way gate to the infinite horrors of the Abyss.
  6364 | D:7      | Reached skill level 3 in Fighting
  6449 | D:7      | Reached skill level 4 in Dodging
  6449 | D:7      | Reached XP level 9. HP: 52/70 MP: 14/18
  6567 | D:7      | Found a flagged portal.
  6621 | D:7      | Reached skill level 2 in Transmutations
  6643 | D:7      | Got the Secrets of the Ground and the Stinger
  6661 | Bailey   | Entered a bailey
  6768 | Bailey   | Reached skill level 3 in Transmutations
  6827 | Bailey   | Reached skill level 1 in Evocations
  7143 | Bailey   | Reached skill level 2 in Evocations
  7193 | Bailey   | Reached skill level 4 in Transmutations
  7312 | Bailey   | Reached skill level 3 in Evocations
  7697 | D:7      | Found a staircase to the Ecumenical Temple.
  7781 | D:7      | Reached skill level 4 in Evocations
  8194 | D:8      | Noticed a gargoyle
  8198 | D:8      | Killed a gargoyle
  8199 | D:8      | Reached skill level 4 in Fighting
  8517 | D:8      | Noticed Grum
  8518 | D:8      | Reached skill level 5 in Dodging
  8524 | D:8      | Killed Grum
  8666 | D:8      | Reached skill level 5 in Fighting
  8704 | D:8      | Identified the ring of the City {rN+ SInv}
  8741 | D:8      | Reached XP level 10. HP: 71/79 MP: 13/19
  8819 | D:8      | Noticed Pikel
  8855 | D:8      | Killed Pikel
  8926 | D:8      | Reached skill level 6 in Dodging
  9133 | D:8      | Found a staircase to the Lair.
  9366 | D:8      | Reached skill level 6 in Fighting
  9475 | D:9      | Noticed Erica
  9486 | D:8      | Killed Erica
  9598 | D:9      | Reached skill level 7 in Dodging
  9890 | D:9      | Noticed Joseph
  9904 | D:9      | Killed Joseph
  9905 | D:9      | Reached skill level 7 in Fighting
 10609 | D:10     | Entered Level 10 of the Dungeon
 10856 | D:10     | Identified +0 acid dragon scales
 11686 | D:10     | Reached skill level 8 in Dodging
 11974 | D:11     | Reached skill level 8 in Fighting
 11974 | D:11     | Reached XP level 11. HP: 94/94 MP: 15/20
 12439 | D:11     | Found a staircase to the Orcish Mines.
 12622 | D:11     | Noticed a two-headed ogre
 12628 | D:11     | Killed a two-headed ogre
 12878 | D:11     | Reached skill level 9 in Dodging
 12983 | D:11     | Noticed Amaemon
 12986 | D:11     | Noticed a two-headed ogre
 12992 | D:11     | Killed Amaemon
 13270 | D:11     | Reached skill level 9 in Fighting
 13283 | D:11     | Killed a two-headed ogre
 13766 | Lair:1   | Entered Level 1 of the Lair of Beasts
 13961 | Lair:1   | Reached skill level 10 in Dodging
 14829 | Lair:2   | Reached skill level 10 in Fighting
 15292 | Lair:2   | Found a hole to the Spider Nest.
 15350 | Lair:2   | Reached XP level 12. HP: 59/107 MP: 15/21
 15898 | Lair:2   | Reached skill level 11 in Dodging
 16022 | Lair:2   | Noticed Gastronok
 16040 | Lair:2   | Killed Gastronok
 16041 | Lair:2   | Reached skill level 11 in Fighting
 16288 | Lair:2   | Noticed a seven-headed hydra
 16288 | Lair:2   | Noticed a six-headed hydra
 16495 | Lair:2   | Killed a seven-headed hydra
 16693 | Lair:2   | Killed a six-headed hydra
 17132 | Lair:2   | Found a staircase to the Swamp.
 17431 | Lair:3   | Noticed Nergalle
 17448 | Lair:3   | Killed Nergalle
 17900 | Lair:3   | Reached skill level 12 in Dodging
 18486 | Lair:4   | Found a gate leading to a gauntlet.
 18515 | Gauntlet | Entered a Gauntlet
 18515 | Gauntlet | Found a transporter.
 18515 | Gauntlet | Found a transporter.
 18516 | Gauntlet | Found a transporter.
 18517 | Gauntlet | Found a transporter.
 18518 | Gauntlet | Found a transporter.
 18520 | Gauntlet | Found a transporter.
 18527 | Gauntlet | Found a transporter.
 18528 | Gauntlet | Found a transporter.
 18529 | Gauntlet | Found a transporter.
 18531 | Gauntlet | Found a transporter.
 18534 | Gauntlet | Noticed a ghost crab
 18542 | Gauntlet | Found a transporter.
 18543 | Gauntlet | Found a transporter.
 18550 | Gauntlet | Noticed a ghost crab
 18967 | Gauntlet | Reached skill level 12 in Fighting
 19077 | Gauntlet | Killed a ghost crab
 19167 | Gauntlet | Identified the ring of Quat {rF+ Str+4 Int+2}
 19176 | Gauntlet | Got the Folio of Elliptic Creation
 19209 | Gauntlet | Identified the +8 mace of Wuosat {protect, rCorr Dex+4}
 19209 | Gauntlet | Noticed a minotaur
 19213 | Gauntlet | Killed a minotaur
 20701 | Lair:5   | Entered Level 5 of the Lair of Beasts
 20702 | Lair:5   | Found a staircase to the Slime Pits.
 21414 | Lair:5   | HP: 11/113 [polar bear (5)]
 21414 | Lair:5   | HP: 2/113 [polar bear (8)]
 21414 | Lair:5   | Slain by a polar bear

Vanquished Creatures
  Gastronok (Lair:2)
  A minotaur (Gauntlet)
  2 hydras (Lair:2)
  A ghost crab (Gauntlet)
  2 two-headed ogres (D:11)
  Erica (D:8)
  Nergalle (Lair:3)
  A soul eater (Gauntlet)
  Amaemon (D:11)
  A deep troll (Lair:2)
  Pikel (D:8)
  A manticore (D:11)
  An oklob plant (Lair:4)
  A faun (shapeshifter) (Gauntlet)
  3 elephants (Lair:2)
  Joseph (D:9)
  2 gargoyles
  An orange demon (D:11)
  5 black mambas
  2 cane toads
  Maggie (D:6)
  3 rime drakes
  2 unseen horrors (D:11)
  2 komodo dragons (Lair:2)
  A kobold demonologist (D:12)
  3 trolls
  A polar bear (Lair:2)
  A polar bear (shapeshifter) (Gauntlet)
  2 dream sheep (Lair:5)
  A tyrant leech (Lair:2)
  8 blink frogs
  2 vampires
  2 wraiths
  A shadow (D:10)
  24 yaks
  2 basilisks (Lair:2)
  A wyvern (Lair:4)
  Grum (D:8)
  A human (shapeshifter) (Gauntlet)
  A steam dragon (D:8)
  Menkaure (D:6)
  2 wargs (D:8)
  An acid dragon (D:10)
  3 swamp worms (Lair:2)
  6 water moccasins
  Duvessa (D:6)
  8 orc warriors
  A sky beast (D:7)
  An ice beast (D:7)
  2 black bears (D:5)
  2 ogres
  9 wolves
  A centaur (D:10)
  2 lemures (D:8)
  3 kobold brigands
  8 bullfrogs
  2 gnoll sergeants
  7 scorpions
  A necrophage (D:6)
  17 wights
  Dowan (D:6)
  8 howler monkeys
  An electric eel (Lair:1)
  A gnoll bouda (D:6)
  7 orc priests
  3 jellies
  Ijyb (D:3)
  Terence (D:3)
  4 iguanas
  Natasha (twice) (D:3)
  11 orc wizards
  13 gnolls
  6 adders
  2 shadow imps
  5 white imps
  An ufetubus (D:6)
  3 worms
  2 dart slugs
  34 orcs
  7 bats
  4 endoplasms
  5 giant cockroaches
  15 goblins
  5 hobgoblins
  30 kobolds
  5 quokkas
  13 ball pythons
  5 frilled lizards
  A rat (D:3)
364 creatures vanquished.

Vanquished Creatures (others)
  3 shadow imps (Gauntlet)
  31 fungi
  74 plants
  14 withered plants (Gauntlet)
122 creatures vanquished.

Grand Total: 486 creatures vanquished
